 Dungeon Crawl Stone Soup version 0.24-a0-537-g2d01d4a (console) character file.

Game seed: 13541677370748076353

8545 vegansnacktivist the Cleaver (level 11, -1/88 HPs)
             Began as a Deep Dwarf Fighter on Aug 17, 2019.
             Was an Elder of Makhleb.
             Killed from afar by a wizard (44 damage)
             ... with a crystal spear
             ... on level 10 of the Dungeon.
             The game lasted 00:18:58 (7092 turns).

vegansnacktivist the Cleaver (Deep Dwarf Fighter)   Turns: 7092, Time: 00:18:58

Health: -1/88      AC: 10    Str: 27    XL:     11   Next: 11%
Magic:  5/5        EV:  7    Int:  9    God:    Makhleb [****..]
Gold:   1951       SH: 10    Dex: 12    Spells: 10/10 levels left

rFire    . . .     SeeInvis .   a - +0 war axe
rCold    . . .     Gourm    .   c - +0 shield
rNeg     . . .     Faith    +   b - +0 scale mail
rPois    .         Spirit   .   e - +0 helmet
rElec    .         Reflect  .   (no cloak)
rCorr    .         Harm     .   (no gloves)
MR       +....                  (no boots)
Stlth    ..........             t - amulet of faith
HPRegen  0.00/turn              o - +4 ring of strength
MPRegen  0.09/turn              (no ring)

@: non-regenerating
A: damage resistance, heal wounds, sense surroundings 2, no regeneration
a: Heal Wounds, Minor Destruction, Lesser Servant of Makhleb, Major Destruction,
Renounce Religion


You were on level 10 of the Dungeon.
You worshipped Makhleb.
Makhleb was greatly pleased with you.
You were hungry.

You visited 2 branches of the dungeon, and saw 11 of its levels.
You also visited: Bailey.

You collected 1951 gold pieces.

Inventory:

Hand Weapons
 a - a +0 war axe (weapon)
 r - a +0 battleaxe
Missiles
 s - 9 poisoned darts (quivered)
 y - 5 javelins
 D - 5 silver javelins
Armour
 b - a +0 scale mail (worn)
 c - a +0 shield (worn)
 e - a +0 helmet (worn)
Jewellery
 o - a +4 ring of strength (left hand)
 t - an amulet of faith (around neck)
 x - an uncursed ring of flight {unknown}
 M - an uncursed ring of protection from magic {unknown}
 N - the ring "Tigh" {rF+ rC++ Str+4 Int+2 Dex-3, unknown}
   (You found it on level 10 of the Dungeon)

   [ring of strength]

   It affects your strength (+4).
   It affects your intelligence (+2).
   It affects your dexterity (-3).
   It protects you from fire.
   It greatly protects you from cold.
Wands
 h - a wand of polymorph (4)
 w - a wand of enslavement (21)
 G - a wand of scattershot (2)
Scrolls
 i - 9 scrolls of teleportation
 k - 2 scrolls of magic mapping
 p - 4 scrolls of remove curse {unknown}
 q - 2 scrolls of amnesia {unknown}
 u - a scroll of enchant armour {unknown}
 v - a scroll of blinking {unknown}
 A - a scroll of fog {unknown}
 B - 3 scrolls of immolation {unknown}
 F - 2 scrolls of enchant weapon {unknown}
 I - a scroll of silence {unknown}
 O - a scroll of identify
Potions
 d - a potion of might
 g - 4 potions of mutation
 j - 2 potions of lignification
 l - 5 potions of curing
 m - a potion of resistance
 n - a potion of magic
 z - 2 potions of heal wounds
 C - 2 potions of flight
 E - a potion of ambrosia
 H - a potion of agility
 K - a potion of haste {unknown}
Miscellaneous
 L - a crystal ball of energy
Comestibles
 f - 20 rations
 J - 4 chunks of flesh


   Skills:
 - Level 2.6 Fighting
 - Level 14.1 Axes
 + Level 12.2 Armour
 - Level 3.2 Shields


You had 10 spell levels left.
You didn't know any spells.
Your spell library contained the following spells:

 Spells                   Type           Power        Failure   Level  Hunger
 Animate Skeleton         Necr           N/A          98%         1    ##.....
 Beastly Appendage        Tmut           #.....       98%         1    ##.....
 Magic Dart               Conj           #...         98%         1    ##.....
 Pain                     Necr           #...         98%         1    ##.....
 Summon Butterflies       Summ           #.......     98%         1    ##.....
 Searing Ray              Conj           #.....       99%         2    ###....
 Sticks to Snakes         Tmut           #.......     99%         2    ###....
 Call Canine Familiar     Summ           #.......     100%        3    ####...
 Dazzling Spray           Conj/Hex       #.....       100%        3    ####...
 Recall                   Summ/Tloc      N/A          100%        3    ####...
 Spider Form              Tmut/Pois      #.........   100%        3    ####...
 Vampiric Draining        Necr           #.........   100%        3    ####...
 Animate Dead             Necr           N/A          100%        4    #####..
 Force Lance              Conj/Tloc      #.......     100%        4    #####..
 Fulminant Prism          Conj/Hex       #.........   100%        4    #####..
 Ice Form                 Ice/Tmut       #.......     100%        4    #####..
 Iskenderun's Mystic Bla  Conj           #.......     100%        4    #####..
 Summon Ice Beast         Ice/Summ       #.......     100%        4    #####..
 Blade Hands              Tmut           #.........   100%        5    ######.
 Borgnjor's Vile Clutch   Necr/Erth      #.........   100%        5    ######.
 Summon Mana Viper        Hex/Summ       #.......     100%        5    ######.
 Death Channel            Necr           #.........   100%        6    #######
 Simulacrum               Ice/Necr       #.........   100%        6    #######
 Summon Hydra             Summ           #.........   100%        7    #######
 Regeneration             Chrm/Necr      Unusable     N/A         3    N/A

Dungeon Overview and Level Annotations

Branches:
Dungeon (10/15)            Temple (1/1) D:7
   Lair: D:8-11         Orc: D:9-12

Altars:
Ashenzari
Cheibriados
Dithmenos
Elyvilon
Fedhas
Gozag
Hepliaklqana
Kikubaaqudgha
Makhleb
Nemelex Xobeh
Okawaru
Qazlal
Ru
Sif Muna
Trog
Uskayaw
Vehumet
Wu Jian
Xom
Yredelemnul
Zin
The Shining One


Innate Abilities, Weirdness & Mutations

You are resistant to damage.
You can heal yourself by infusing magical energy.
You passively map the area around you.
You do not regenerate.


Message History

The wizard closely misses you.
You hit the wizard but do no damage.
The wizard is lightly wounded.
The wizard hits you but does no damage.
You slash the wizard!
The wizard is heavily wounded.
The wizard hits you but does no damage.
You barely miss the wizard.
The wizard is heavily wounded.
The wizard hits you but does no damage.
You hit the wizard.
The wizard is heavily wounded.
The wizard casts a spell at you. The crystal spear hits you!!
You hit the wizard.
The wizard is severely wounded.
The wizard casts a spell at you. The crystal spear hits you!!!
Ouch! That really hurt!
You die...

#####.....................###....
# #..............##...###...... #
#..............##.##'....##.. #
#..............##...###...... #
#..............####...###.... #
#..............# #.....###.# #
#..............# #<..#...### #
*,,,,......†...# #...#.....# #
*,,,,......p@..# #...#...#.. #
*<,,,...#####..# #...#...... #
*,,***,,* #..# #...#...... # *,,*
*,,* #..####.......##. # *,,*
*,,* #.............##. # *,,*
*,,* #.............##. # *,.#
*,,* #.######......##. #####..#
*,,* #.# #......##. .......# *,,*
#.# #......##.


You could see a wizard.

Vanquished Creatures
  A centaur warrior (D:10)
  A two-headed ogre (D:9)
  Pikel (D:5)
  A cyclops (D:10)
  A meliai zombie (D:10)
  2 hippogriffs
  A spriggan (D:7)
  7 yaks (D:10)
  Edmund (D:5)
  2 ice beasts
  7 orc warriors
  3 phantoms
  2 ogres
  2 slaves (D:4)
  A black bear (D:9)
  2 sky beasts (D:5)
  A hornet zombie (D:7)
  3 centaurs
  A crocodile (D:9)
  Blork the orc (D:6)
  2 gnoll sergeants
  5 bullfrogs
  4 scorpions
  3 killer bees (D:8)
  3 howler monkeys
  3 crimson imps
  2 centaur zombies
  3 bullfrog zombies
  3 jellies
  7 hounds
  4 orc priests
  5 orc wizards
  3 iguanas
  11 worker ants
  2 hound skeletons
  A howler monkey zombie (D:5)
  3 worker ant zombies
  10 gnolls
  3 howler monkey skeletons
  18 adders
  3 shadow imps
  3 oozes
  An adder zombie (D:5)
  2 adder skeletons
  3 worms
  A dart slug (D:3)
  8 leopard geckos
  23 orcs
  2 bats (D:1)
  8 giant cockroaches
  10 goblins
  8 hobgoblins
  14 jackals
  17 kobolds
  4 quokkas
  2 ball pythons
  4 frilled lizards
  A jackal skeleton (D:5)
  A quokka skeleton (D:5)
  10 rats
  3 plants (D:1)
264 creatures vanquished.

Vanquished Creatures (others)
  2 slaves (D:5)
  A human (D:8)
3 creatures vanquished.

Grand Total: 267 creatures vanquished

Notes
Turn   | Place    | Note
-------+----------+-------------------------------------------
     0 | D:1      | vegansnacktivist the Deep Dwarf Fighter began the quest for
                  | the Orb.
     0 | D:1      | Reached XP level 1. HP: 20/20 MP: 1/1
   158 | D:1      | Reached skill level 3 in Axes
   158 | D:1      | Reached XP level 2. HP: 24/27 MP: 2/2
   615 | D:2      | Reached XP level 3. HP: 29/33 MP: 3/3
   625 | D:2      | Reached skill level 4 in Axes
   653 | D:2      | Found a sparkling altar of Nemelex Xobeh.
   800 | D:2      | Reached XP level 4. HP: 29/40 MP: 4/4
   849 | D:2      | Reached skill level 5 in Axes
  1297 | D:3      | Reached XP level 5. HP: 21/46 MP: 5/5
  1534 | D:3      | Reached skill level 6 in Axes
  1678 | D:4      | Reached skill level 7 in Axes
  1678 | D:4      | Reached XP level 6. HP: 37/55 MP: 6/6
  1998 | D:5      | Entered Level 5 of the Dungeon
  2034 | D:5      | Reached skill level 8 in Axes
  2063 | D:5      | Noticed Edmund
  2183 | D:4      | Reached XP level 7. HP: 48/61 MP: 7/7
  2233 | D:5      | Reached skill level 9 in Axes
  2260 | D:5      | Noticed Pikel
  2481 | D:5      | Reached skill level 10 in Axes
  2501 | D:5      | Killed Pikel
  2501 | D:5      | Reached skill level 11 in Axes
  2501 | D:5      | Reached XP level 8. HP: 46/68 MP: 6/6
  2723 | D:5      | Killed Edmund
  2920 | D:6      | Reached skill level 12 in Axes
  2948 | D:6      | Noticed Blork the orc
  2957 | D:6      | Killed Blork the orc
  3147 | D:6      | Gained mutation: You passively map the area around you.
                  | [Deep Dwarf growth]
  3147 | D:6      | Reached XP level 9. HP: 23/74 MP: 6/6
  3449 | D:7      | Reached skill level 13 in Axes
  3560 | D:7      | Found a staircase to the Ecumenical Temple.
  3583 | Temple   | Entered the Ecumenical Temple
  3671 | Temple   | Became a worshipper of Makhleb the Destroyer
  4406 | D:8      | Reached * piety under Makhleb
  4416 | D:8      | Reached skill level 14 in Axes
  4461 | D:8      | Found an ancient bone altar of Kikubaaqudgha.
  4740 | D:8      | Found an iron altar of Okawaru.
  4750 | D:8      | Reached skill level 5 in Armour
  5288 | D:9      | Noticed a two-headed ogre
  5417 | D:9      | Reached XP level 10. HP: 22/81 MP: 6/6
  5442 | D:9      | Reached ** piety under Makhleb
  5636 | D:9      | Killed a two-headed ogre
  5929 | D:10     | Entered Level 10 of the Dungeon
  6112 | D:10     | Found a flagged portal.
  6143 | Bailey   | Entered a bailey
  6218 | Bailey   | Reached *** piety under Makhleb
  6305 | Bailey   | Reached skill level 10 in Armour
  6965 | D:10     | Noticed a centaur warrior
  6981 | D:10     | Killed a centaur warrior
  6981 | D:10     | Reached XP level 11. HP: 85/88 MP: 5/5
  7034 | D:10     | Got a crude jade ring
  7075 | D:10     | Noticed a wizard
  7084 | D:10     | Reached **** piety under Makhleb
  7092 | D:10     | Killed from afar by a wizard

Levels and vault maps discovered:
D:1:      roderic_crop_circles_arrival_small, layout_basic
D:2:      layout_basic, old_standard_altar, kennysheep_generic_room_6
D:3:      layout_rooms
D:4:      layout_cave_pools
D:5:      layout_rooms, first_ration, uniq_pikel, uniq_edmund
D:6:      layout_basic, uniq_blork_the_orc
D:7:      layout_loops_ring, minmay_temple_entry_offerings, the_bakery
D:8:      layout_gridville, basic_altar, tgw_kikubaaqudgha
D:9:      layout_roguey, minivault_1
D:10:     minmay_the_grid_four_pointed_star_mashed
          [minmay_the_grid_triangle_9x9_semitri,
          minmay_the_grid_triangle_9x9_corrupted_corridor,
          minmay_the_grid_triangle_9x9_impossible_snake,
          minmay_the_grid_triangle_9x9_dagger, minmay_the_grid_prize_trominoes],
          layout_long_grid, enter_bailey_2,
          hangedman_abyss_or_decor_jellyfish_corner
Temple:   dpeg_three_leaves_temple

Skill      XL: |  1  2  3  4  5  6  7  8  9 10 11 |
---------------+----------------------------------+-----
Axes           | 3 4 5 7 8 11 12 14 | 14.1
Armour         | 6 11 12 | 12.2
Fighting       | |  2.6
Shields        | |  3.2

Action                   |  1- 3 |  4- 6 |  7- 9 | 10-12 || total
-------------------------+-------+-------+-------+-------++-------
Melee: War axe           |   129 |   152 |   422 |   278 ||   981
Throw: Dart              |       |     4 |    42 |    14 ||    60
       Throwing net      |       |       |     1 |       ||     1
       Javelin           |       |       |       |     2 ||     2
 Abil: Heal Wounds       |       |     2 |     9 |     5 ||    16
Evoke: Wand              |       |       |     5 |    14 ||    19
  Use: Scroll            |       |       |       |    11 ||    11
       Potion            |       |       |       |     1 ||     1
  Eat: Chunk             |       |     5 |    11 |     5 ||    21
Armor: Scale mail        |    35 |   104 |   152 |   115 ||   406
Dodge: Dodged            |    26 |    55 |   118 |    70 ||   269
Block: Shield            |    41 |   108 |   187 |   148 ||   484

Table legend:
 A = Non-vault XP
 B = Vault XP
 C = Vault XP percentage of total XP
 D = Non-vault monster count
 E = Vault monster count
 F = Vault count percentage of total count
                 A         B        C        D         E       F
            +---------+---------+-------+---------+---------+-------
      Total |    8493 |    3715 |  30.4 |     218 |      41 |  15.8
            +---------+---------+-------+---------+---------+-------
        D:1 |      35 |       0 |   0.0 |      18 |       0 |   0.0
        D:2 |     102 |       8 |   7.3 |      20 |       2 |   9.1
        D:3 |     118 |       0 |   0.0 |      24 |       0 |   0.0
        D:4 |     398 |       0 |   0.0 |      23 |       0 |   0.0
        D:5 |     732 |     771 |  51.3 |      21 |       2 |   8.7
        D:6 |     808 |      99 |  10.9 |      30 |       1 |   3.2
        D:7 |     580 |     220 |  27.5 |      20 |       1 |   4.8
        D:8 |    1353 |       0 |   0.0 |      22 |       0 |   0.0
        D:9 |    1841 |       0 |   0.0 |      15 |       0 |   0.0
       D:10 |    2526 |    1903 |  43.0 |      25 |       8 |  24.2
     Bailey |       0 |     714 | 100.0 |       0 |      27 | 100.0
            +---------+---------+-------+---------+---------+-------
